Map: [TLMC15] Curious Minds

Players

Serral - Winner!

  • Race: Zerg Zerg

Maru

  • Race: Terran Terran

Event: DreamHack SC2 Masters 2021 Winter

VOD

Have the link to the VOD?

Description

2021 dream hack winter - season finals - group stage

Time

  • Played on: Nov. 12, 2021, 9:51 a.m.
  • Length: 27:37

All games in this series

Show
View Real Time Build Order
Export as new Build Order

Serral Zerg - Winner!

Build Orders: Hatch First 

Get SALT Encoding   

  12  0:00  Drone  
  13  0:12  Overlord  
  13  0:17  Drone  
  14  0:30  Drone x2  
  16  0:47  Hatchery  
  15  0:50  Drone  
  15  0:54  Drone  
  17  0:57  Drone  
  18  1:08  Extractor  
  17  1:13  Spawning Pool  
  17  1:15  Drone  
  17  1:19  Drone  
  18  1:27  Drone  
  19  1:38  Drone  
  20  1:49  Drone  
  21  2:00  Queen x2  
  21  2:01  Zergling x4  
  27  2:11  Overlord  
  27  2:16  Drone  
  28  2:23  Hatchery  
  28  2:26  Drone  
  28  2:31  Drone  
  28  2:32  Drone  
  28  2:34  Drone  
  31  2:40  Metabolic Boost  
  31  2:47  Queen  
  33  2:52  Overlord  
  33  2:54  Drone  
  33  2:57  Drone  
  35  2:59  Drone  
  35  3:03  Overlord  
  36  3:11  Drone x4  
  40  3:15  Drone  
  40  3:19  Queen  
  41  3:26  Queen  
  45  3:30  Drone x2  
  45  3:32  Drone  
  48  3:39  Queen  
  50  3:43  Overlord  
  50  3:44  Drone x2  
  50  3:48  Zergling x4  
  54  3:53  Drone x3  
  56  3:59  Extractor, Queen  
  56  4:00  Overlord  
  58  4:04  Overlord  
  58  4:08  Queen  
  60  4:11  Zergling x2  
  60  4:13  Drone x2  
  60  4:16  Overlord  
  63  4:19  Drone x2  
  63  4:23  Drone x3  
  68  4:26  Queen  
  70  4:32  Overlord  
  70  4:33  Drone x2  
  70  4:34  Drone  
  70  4:37  Baneling Nest  
  72  4:42  Extractor  
  72  4:43  Drone  
  72  4:44  Drone, Queen  
  75  4:48  Drone x3  
  78  4:53  Zergling x6  
  78  4:54  Spine Crawler  
  78  4:56  Zergling x2  
  78  4:59  Lair  
  81  5:01  Zergling x2  
  81  5:04  Zergling x2  
  81  5:05  Drone x3  
  86  5:08  Drone  
  86  5:09  Overlord  
  87  5:14  Zergling x2  
  87  5:15  Drone  
  87  5:18  Zergling x2  
  87  5:20  Overlord x2  
  90  5:23  Extractor  
  90  5:24  Extractor  
  90  5:25  Overlord  
  90  5:27  Drone  
  89  5:31  Drone x2  
  91  5:36  Drone  
  91  5:39  Drone x2  
  91  5:41  Evolution Chamber  
  91  5:42  Evolution Chamber  
  92  5:43  Zergling x6  
  92  5:44  Baneling x5  
  92  5:49  Drone, Spore Crawler  
  95  5:50  Zergling x8  
  95  5:56  Drone x2  
  101  5:57  Overlord  
  101  5:59  Zergling x4  
  103  6:05  Baneling x2  
  103  6:06  Centrifugal Hooks  
  103  6:08  Drone x2  
  103  6:10  Zerg Melee Weapons Level 1  
  105  6:13  Zerg Ground Armor Level 1  
  105  6:17  Zergling x10  
  105  6:18  Overseer  
  110  6:21  Hatchery  
  109  6:26  Zergling x2  
  109  6:27  Zergling x12  
  109  6:30  Spore Crawler  
  114  6:33  Overlord  
  114  6:34  Zergling x2  
  115  6:41  Overlord  
  116  6:47  Zergling x4  
  116  6:49  Hatchery  
  116  6:57  Drone  
  116  6:58  Extractor, Drone  
  116  6:59  Drone x3  
  120  7:01  Drone, Spore Crawler  
  120  7:03  Zergling x8, Hydralisk Den  
  120  7:04  Zergling x4  
  120  7:05  Baneling x5  
  120  7:06  Baneling x5  
  120  7:07  Zergling x4, Baneling  
  127  7:10  Baneling x4  
  127  7:11  Baneling  
  127  7:15  Zergling x2  
  127  7:20  Overseer  
  127  7:21  Overseer  
  127  7:22  Zergling x6  
  126  7:31  Zergling x2  
  126  7:32  Zergling x12  
  132  7:38  Muscular Augments  
  130  7:48  Drone x2, Spore Crawler  
  132  7:51  Drone x4  
  132  7:57  Drone x4  
  138  7:59  Overlord  
  138  8:02  Overlord  
  138  8:05  Baneling x2  
  138  8:12  Zerg Melee Weapons Level 2  
  138  8:21  Zergling x14  
  138  8:23  Zerg Ground Armor Level 2  
  142  8:27  Zergling x8  
  138  8:42  Zergling x16  
  140  8:49  Grooved Spines  
  140  8:52  Zergling x12  
  138  8:58  Queen  
  138  9:00  Baneling x3  
  138  9:02  Drone x6  
  137  9:05  Drone  
  137  9:06  Drone  
  137  9:09  Baneling x10  
  138  9:10  Baneling  
  138  9:14  Drone x2  
  140  9:21  Overlord x2  
  140  9:23  Infestation Pit  
  139  9:24  Hydralisk  
  139  9:25  Hydralisk x2  
  139  9:28  Drone x4  
  139  9:30  Extractor  
  148  9:32  Spore Crawler  
  147  9:40  Drone x4  
  147  9:41  Drone x3  
  147  9:43  Pneumatized Carapace  
  154  9:55  Drone x2  
  154  9:56  Overlord x2  
  156  10:00  Hatchery, Hydralisk x2  
  159  10:09  Hydralisk x4  
  167  10:18  Hydralisk x5  
  174  10:23  Hive  
  174  10:26  Drone x4  
  178  10:35  Zerg Missile Weapons Level 1  
  178  10:36  Zergling x12  
  178  10:39  Drone x3  
  172  10:45  Zergling x12  
  178  10:51  Drone x6  
  184  10:57  Extractor  
  184  10:58  Burrow  
  184  11:00  Drone x3  
  186  11:08  Zergling x22  
  197  11:11  Drone  
  197  11:12  Extractor  
  197  11:16  Zergling x10, Lurker Den  
  193  11:36  Overseer, Baneling  
  193  11:37  Baneling x2  
  193  11:38  Overlord x2  
  193  11:40  Zerg Ground Armor Level 3  
  193  11:41  Adrenal Glands, Spore Crawler x2, Viper  
  193  11:42  Viper  
  193  11:44  Overlord  
  194  11:48  Overlord  
  194  11:51  Overlord  
  194  11:52  Overlord  
  190  11:56  Overlord  
  190  12:00  Extractor  
  190  12:01  Extractor  
  188  12:03  Drone x4  
  188  12:04  Drone x2  
  188  12:05  Drone x2  
  188  12:06  Spore Crawler  
  196  12:08  Drone  
  196  12:13  Hatchery  
  196  12:14  Overseer  
  194  12:17  Zergling x14, Nydus Network  
  194  12:20  Seismic Spines  
  200  12:42  Hatchery  
  199  12:44  Overlord  
  199  12:46  Overseer  
  199  12:49  Baneling  
  199  12:50  Baneling x13  
  199  12:51  Baneling x2  
  198  12:59  Zerg Missile Weapons Level 2  
  198  13:11  Drone  
  199  13:17  Adaptive Talons  
  199  13:21  Spine Crawler  
  199  13:22  Drone  
  199  13:23  Spore Crawler  
  199  13:25  Drone  
  199  13:40  Zergling x4  
  200  13:45  Baneling x2  
  200  13:48  Spine Crawler, Spore Crawler  
  198  13:51  Drone x2, Spore Crawler  
  198  13:53  Drone  
  199  14:06  Nydus Canal  
  195  14:13  Zergling x8  
  195  14:16  Overlord  
  199  14:17  Zerg Melee Weapons Level 3  
  183  14:29  Zergling x40  
  196  14:35  Zergling x44  
  199  14:40  Baneling x2  
  199  14:41  Baneling x6  
  199  14:42  Baneling x10  
  199  14:43  Baneling x19  
  197  15:13  Zergling x2  
  197  15:14  Zergling x40  
  178  15:23  Zergling x4  
  178  15:24  Zergling x44  
  178  15:25  Overseer  
  178  15:28  Baneling x15  
  200  15:36  Baneling x7  
  200  16:00  Hatchery  
  200  16:01  Drone  
  200  16:09  Baneling x10  
  200  16:10  Zerg Missile Weapons Level 3  
  197  16:32  Overseer  
  160  16:58  Zergling x18  
  160  16:59  Zergling x24  
  180  17:07  Hatchery  
  179  17:10  Zergling x42  
  179  17:14  Overseer  
  199  17:19  Overseer  
  199  17:24  Baneling x3  
  199  17:25  Baneling  
  166  17:51  Zergling x22  
  155  17:52  Zergling x2  
  155  17:53  Hydralisk x6  
  155  17:58  Zergling x58  
  188  18:01  Baneling x2  
  188  18:03  Extractor x2  
  197  18:06  Drone x2  
  199  18:28  Nydus Canal  
  174  18:49  Zergling x2, Hydralisk x2  
  174  18:50  Zergling x40  
  199  19:01  Extractor x2  
  197  19:03  Drone x2  
  198  19:18  Baneling x7  
  187  19:26  Zergling x36  
  198  19:36  Zergling x2  
  198  19:37  Zergling x32  
  196  19:51  Hatchery  
  190  19:54  Lurker x3  
  190  19:55  Lurker x7  
  190  19:56  Overseer  
  200  20:11  Hatchery  
  192  20:23  Viper  
  192  20:24  Overseer  
  192  20:25  Zergling x12  
  196  21:08  Zergling x14  
  196  21:09  Hatchery, Overseer  
  199  21:15  Spire x2  
  199  21:16  Overseer  
  197  21:25  Baneling  
  197  21:26  Baneling x8  
  193  21:41  Zergling x2, Hydralisk  
  193  21:42  Zergling x10  
  193  21:46  Extractor  
  199  21:47  Pathogen Glands  
  199  22:01  Baneling  
  199  22:02  Baneling x5  
  176  22:40  Zergling x38  
  176  22:41  Zergling x6  
  177  22:44  Neural Parasite  
  177  22:46  Overseer  
  167  22:52  Zergling x40  
  167  22:53  Zergling x10  
  167  22:55  Baneling x6  
  167  22:56  Baneling x2, Hydralisk x6  
  192  23:21  Overseer  
  175  23:27  Zergling x14, Hydralisk x3  
  175  23:29  Baneling x6  
  175  23:30  Zergling x12, Overseer  
  175  23:31  Zergling x14, Overseer  
  199  23:36  Spore Crawler  
  199  23:38  Spore Crawler  
  197  23:43  Overseer  
  197  23:49  Baneling x10  
  197  23:53  Hydralisk  
  189  24:16  Viper x2  
  169  24:18  Zergling x38  
  169  24:22  Zergling x36  
  169  24:23  Zergling x6  
  187  24:27  Baneling x6  
  187  24:29  Overseer  
  187  24:30  Zergling x20  
  197  24:31  Zerg Flyer Weapons Level 1  
  197  24:32  Greater Spire  
  197  24:35  Baneling  
  197  24:36  Baneling x5  
  186  24:54  Zergling x2  
  186  24:55  Zergling x30  
  152  25:01  Baneling x8  
  152  25:05  Hydralisk x5  
  160  25:07  Zergling x18  
  160  25:08  Zergling x6  
  167  25:16  Zergling x10  
  167  25:18  Baneling x4  
  161  25:27  Hydralisk x3  
  161  25:28  Hydralisk x3  
  164  25:32  Lurker  
  164  25:33  Lurker x12  
  164  25:34  Zergling x24  
  193  25:40  Zergling x6, Hydralisk  
  193  25:41  Hatchery, Hydralisk  
  191  25:45  Overseer  
  191  26:00  Zergling x8  
  194  26:09  Zergling x2  
  194  26:10  Zergling x36  
  172  26:16  Zergling x2  
  166  26:18  Hydralisk  
  166  26:22  Lurker x6  
  166  26:24  Spore Crawler  
  173  26:26  Overseer x3, Viper  
  173  26:27  Viper x3  
  179  26:33  Hydralisk x9  
  184  26:44  Hydralisk x9  
  189  26:57  Hydralisk x2  
  189  26:58  Hydralisk x4  
  198  27:07  Drone x19  
Show
View Real Time Build Order
Export as new Build Order

Maru Terran 

Build Orders: 2/1/1, Reaper Expand 

Get SALT Encoding   

  12  0:00  SCV  
  13  0:12  SCV  
  14  0:17  Supply Depot  
  14  0:24  SCV  
  15  0:39  SCV, Barracks  
  16  0:44  Refinery  
  16  0:51  SCV  
  17  1:03  SCV  
  18  1:15  SCV  
  19  1:26  Reaper  
  19  1:27  Orbital Command  
  20  1:39  Command Center  
  20  1:50  Barracks  
  20  1:54  SCV  
  21  1:59  Barracks Reactor  
  21  2:06  SCV  
  22  2:10  Supply Depot  
  22  2:12  Refinery  
  22  2:18  SCV  
  23  2:32  SCV  
  23  2:36  Barracks Tech Lab  
  23  2:37  Marine x2  
  24  2:42  Factory  
  27  2:44  SCV  
  27  2:52  Orbital Command  
  27  2:56  SCV  
  28  3:00  Marine x3  
  28  3:03  Stimpack  
  31  3:08  SCV  
  32  3:18  Supply Depot, SCV  
  32  3:19  Marine  
  34  3:20  SCV, Marine  
  34  3:23  Marine  
  37  3:29  Starport  
  37  3:32  Factory Reactor  
  37  3:33  SCV  
  38  3:35  SCV  
  38  3:37  Marine  
  40  3:42  Marine  
  40  3:43  Marine  
  40  3:45  SCV  
  43  3:48  Supply Depot  
  43  3:49  SCV  
  43  3:55  Marine  
  45  3:57  SCV  
  45  3:59  Marine  
  45  4:01  SCV, Marine  
  49  4:10  Supply Depot, SCV  
  49  4:14  SCV  
  49  4:15  Medivac x2  
  49  4:16  Marine  
  56  4:17  Marine  
  56  4:19  Marine  
  56  4:22  SCV  
  59  4:26  SCV  
  60  4:34  Marine  
  60  4:37  Command Center  
  60  4:38  SCV  
  62  4:43  Supply Depot, Combat Shield  
  62  4:44  Marine x2  
  64  4:48  Widow Mine  
  64  4:52  Marine  
  67  4:53  SCV  
  67  4:54  SCV  
  67  4:55  Supply Depot  
  69  5:02  Marine  
  69  5:04  Medivac, Marine  
  69  5:06  SCV  
  74  5:08  Refinery x2  
  74  5:11  Armory  
  72  5:19  Marine  
  72  5:20  Marine  
  72  5:21  Factory Tech Lab  
  74  5:22  SCV x2, Marine  
  77  5:34  SCV x2  
  79  5:37  Starport Reactor, Marine  
  79  5:38  Marine  
  79  5:40  Marine  
  79  5:41  Factory  
  82  5:45  Widow Mine  
  82  5:47  Supply Depot, SCV  
  85  5:50  Orbital Command  
  85  5:55  Marine x2  
  87  5:58  SCV  
  87  5:59  SCV  
  87  6:00  Drilling Claws  
  89  6:07  Engineering Bay  
  89  6:11  Engineering Bay  
  89  6:14  Marine x3  
  89  6:15  Orbital Command  
  89  6:16  Medivac  
  94  6:23  Widow Mine  
  94  6:25  Supply Depot  
  96  6:26  Widow Mine x2  
  96  6:28  SCV  
  96  6:31  Supply Depot, SCV  
  102  6:38  Medivac  
  104  6:43  SCV  
  104  6:45  Marine x3  
  104  6:46  Medivac  
  110  6:50  Terran Infantry Weapons Level 1, Terran Infantry Armor Level 1  
  110  6:52  SCV  
  107  6:57  Siege Tank  
  107  7:00  SCV x2  
  112  7:02  Widow Mine  
  112  7:07  Supply Depot  
  114  7:12  SCV, Marine x2  
  114  7:15  Widow Mine, SCV  
  120  7:21  SCV  
  121  7:23  Widow Mine  
  121  7:25  SCV  
  121  7:29  SCV  
  125  7:30  Widow Mine  
  125  7:34  SCV  
  125  7:36  Supply Depot, Widow Mine  
  128  7:38  SCV  
  128  7:41  SCV  
  128  7:45  Widow Mine  
  128  7:46  SCV  
  128  7:50  SCV  
  130  7:51  Widow Mine  
  130  7:53  SCV  
  130  7:54  Barracks  
  130  7:55  Barracks x2  
  130  7:56  Sensor Tower  
  130  7:57  Widow Mine  
  130  7:58  SCV  
  132  8:03  Refinery, SCV  
  132  8:04  Refinery  
  132  8:05  Supply Depot  
  133  8:06  Widow Mine  
  133  8:08  Medivac x2  
  141  8:12  Widow Mine  
  141  8:22  SCV  
  141  8:24  SCV  
  141  8:25  Widow Mine  
  141  8:27  Widow Mine, SCV  
  142  8:31  Marine x3  
  142  8:32  Command Center  
  142  8:33  Supply Depot  
  142  8:34  SCV  
  148  8:36  SCV  
  148  8:39  SCV  
  148  8:40  Widow Mine  
  148  8:46  Widow Mine, SCV  
  148  8:47  Medivac x2  
  139  8:48  SCV  
  139  8:49  Widow Mine, Marine x2  
  139  8:51  SCV  
  128  8:57  Terran Infantry Weapons Level 2  
  128  8:58  SCV, Terran Infantry Armor Level 2  
  128  9:01  SCV  
  128  9:02  Widow Mine  
  129  9:03  SCV  
  129  9:07  Barracks Reactor x2  
  129  9:08  Barracks Reactor  
  128  9:10  Terran Vehicle And Ship Armor Level 1  
  128  9:11  SCV  
  128  9:13  Widow Mine x2, SCV  
  128  9:16  SCV  
  135  9:23  SCV  
  136  9:25  SCV  
  136  9:28  SCV  
  136  9:29  Siege Tank  
  141  9:33  Supply Depot  
  141  9:35  Widow Mine x2, SCV  
  141  9:36  Marine  
  141  9:37  SCV, Marauder, Marine  
  151  9:40  SCV  
  151  9:45  Marine x3  
  152  9:46  Marine x2  
  152  9:47  Marine  
  158  9:53  Barracks  
  158  9:54  Marine x2, Barracks  
  158  9:56  Factory  
  158  9:57  Barracks  
  158  9:58  Marine  
  161  10:01  Siege Tank  
  161  10:03  Medivac x2  
  169  10:07  SCV  
  169  10:09  SCV x2  
  171  10:20  Marauder, Marine x2  
  171  10:21  SCV x2  
  177  10:24  SCV  
  177  10:26  Supply Depot x2  
  177  10:27  Widow Mine  
  180  10:31  Ghost Academy, Widow Mine  
  180  10:33  Siege Tank, SCV x2  
  177  10:36  SCV  
  177  10:41  Planetary Fortress  
  176  10:51  SCV  
  176  10:52  SCV  
  176  10:53  Viking x2  
  176  10:54  Sensor Tower  
  182  10:57  Barracks Tech Lab, Factory Tech Lab  
  182  10:58  Barracks Tech Lab x2  
  182  11:00  Refinery x2  
  182  11:01  Supply Depot  
  182  11:04  Terran Vehicle Weapons Level 1  
  182  11:09  Ghost  
  184  11:19  Ghost x2  
  184  11:23  Marine x3  
  189  11:37  Ghost  
  189  11:39  Command Center  
  191  11:43  Ghost  
  191  11:44  Command Center  
  193  11:47  Ghost  
  193  11:50  Ghost  
  179  11:55  Widow Mine x3  
  179  12:00  Command Center  
  185  12:01  Siege Tank  
  185  12:05  Concussive Shells  
  185  12:06  Ghost  
  190  12:10  Missile Turret  
  190  12:11  Ghost  
  190  12:17  Marauder  
  190  12:20  Marauder  
  194  12:23  Command Center  
  194  12:24  Command Center  
  194  12:29  Terran Infantry Weapons Level 3  
  194  12:31  Marine x3  
  194  12:32  Marine x2  
  198  12:38  Marauder, Terran Infantry Armor Level 3  
  200  12:58  Planetary Fortress  
  200  13:03  Terran Vehicle Weapons Level 2  
  200  13:04  Personal Cloaking  
  200  13:05  Armory  
  199  13:14  Orbital Command, Missile Turret x3  
  199  13:17  Missile Turret  
  199  13:32  Command Center  
  199  13:39  Siege Tank  
  199  13:40  Orbital Command  
  198  13:45  Siege Tank  
  199  13:52  Planetary Fortress  
  199  13:54  Missile Turret  
  199  13:55  Missile Turret  
  199  14:05  Terran Vehicle And Ship Armor Level 2  
  199  14:08  Planetary Fortress  
  199  14:30  Siege Tank x2, Enhanced Shockwaves  
  157  14:40  SCV x8, Sensor Tower  
  157  14:44  Widow Mine x2  
  169  14:46  Marauder x3, Marine x3  
  169  14:47  Marauder, Marine x2  
  169  14:50  Command Center  
  182  14:54  Refinery  
  182  14:55  Refinery  
  182  14:57  Orbital Command  
  182  15:02  Siege Tank  
  185  15:07  Marauder  
  168  15:18  Widow Mine  
  134  15:23  Marauder x3, Marine  
  134  15:24  Marine x7  
  134  15:27  Widow Mine  
  150  15:29  Marauder  
  150  15:33  Factory Tech Lab  
  150  15:34  Siege Tank, Command Center  
  155  15:39  Widow Mine, Sensor Tower  
  157  15:43  Liberator x2  
  157  15:44  Marauder  
  164  15:57  Siege Tank  
  164  15:58  Widow Mine  
  164  15:59  Terran Vehicle Weapons Level 3  
  164  16:01  Widow Mine  
  171  16:06  Siege Tank  
  174  16:20  Widow Mine  
  174  16:22  Widow Mine  
  176  16:25  Liberator, Ghost  
  176  16:26  Liberator, Ghost x3  
  176  16:27  Marine x4  
  176  16:29  Siege Tank  
  193  16:34  Terran Vehicle And Ship Armor Level 3  
  193  16:36  Orbital Command, Marine x4  
  193  16:38  Siege Tank  
  174  16:53  Marine x2  
  146  16:55  Marauder x2  
  150  17:02  Siege Tank  
  150  17:08  Marauder, Marine  
  156  17:09  Marauder  
  156  17:10  Siege Tank  
  161  17:16  Planetary Fortress, Missile Turret  
  161  17:20  Planetary Fortress  
  161  17:23  Marauder  
  163  17:34  Siege Tank  
  163  17:35  Widow Mine x2, Marine  
  163  17:36  Marauder  
  153  17:47  SCV x2  
  153  17:48  SCV x4  
  161  17:58  Marauder  
  161  17:59  Siege Tank  
  161  18:00  SCV  
  165  18:11  Liberator x2  
  165  18:12  Missile Turret  
  171  18:13  SCV x5  
  171  18:14  SCV x2  
  171  18:18  Sensor Tower  
  178  18:44  Marine x3  
  178  18:45  Marauder x3, Marine  
  182  18:48  Refinery  
  182  18:49  Refinery  
  182  18:50  Nuke  
  182  18:58  Marine x2  
  182  18:59  Command Center  
  184  19:06  Marauder x3, Marine x2  
  192  19:25  Marine  
  192  19:27  Marauder  
  192  19:28  Marauder x2  
  192  19:31  Command Center  
  192  19:33  Marine x3  
  188  19:39  Marine x2  
  190  19:49  Marauder x3  
  191  19:57  Ghost  
  191  19:58  Thor  
  194  20:23  Siege Tank  
  195  20:40  Orbital Command  
  195  20:42  Siege Tank  
  198  20:48  Fusion Core  
  198  20:49  Command Center  
  198  20:50  Missile Turret  
  198  20:55  Orbital Command  
  198  20:56  Orbital Command  
  198  20:59  Ghost  
  200  21:09  Medivac  
  195  21:20  Nuke  
  195  21:21  Terran Ship Weapons Level 1  
  180  21:40  Advanced Ballistics  
  180  21:42  Medivac  
  180  21:43  Medivac  
  184  21:52  Siege Tank x2  
  190  22:05  Command Center  
  190  22:13  Command Center  
  163  22:40  Siege Tank x2  
  154  22:44  Marauder x4, Marine x8  
  154  22:48  Liberator x2  
  164  23:02  Marine x3  
  164  23:04  Nuke  
  171  23:05  Marauder x2  
  160  23:27  Siege Tank x2  
  160  23:31  Liberator x2  
  169  23:34  Sensor Tower  
  169  23:40  Widow Mine x2  
  173  23:44  Planetary Fortress  
  173  23:56  Ghost x4  
  173  23:59  Siege Tank  
  184  24:04  Missile Turret x2  
  184  24:06  Missile Turret  
  146  24:20  Marine x4  
  129  24:25  Ghost  
  129  24:26  Marauder x3  
  129  24:29  Medivac x2  
  141  24:47  Marauder x2  
  145  24:59  Medivac  
  120  25:00  Siege Tank x2  
  120  25:06  Marauder, Marine  
  118  25:24  Liberator  
  119  25:29  Liberator  
  119  25:32  Siege Tank x2  
  120  26:04  Siege Tank  
  120  26:05  Siege Tank  
  87  26:36  Medivac x2  
  87  26:37  Siege Tank  

Tags
 
Add a new tag
Caveats
  • Supply blocks, unpowered buildings, or Contaminate may cause inaccurate times.
  • Supply counts are checked every 10 seconds.